 Dungeon Crawl Stone Soup version 0.13-a0-3016-gcb2faac (webtiles) character file.

1361 PolkaDot the Ruinous (level 8, -2/50 HPs)
             Began as a Vampire Wizard on Sept 10, 2013.
             Was an Initiate of Vehumet.
             Killed from afar by an orc wizard (11 damage)
             ... with a puff of flame
             ... on Level 7 of the Dungeon.
             The game lasted 00:33:29 (6439 turns).

PolkaDot the Ruinous (Vampire Wizard)               Turns: 6439, Time: 00:33:31

HP  -2/50        AC  6     Str  6      XL: 8   Next: 25%
MP  18/18        EV 12     Int 22      God: Vehumet [......]
Gold 123         SH  0     Dex 12      Spells:  3 memorised,  6 levels left

Res.Fire  : . . .   See Invis. : +   y - +0 dagger (freeze) (curse)
Res.Cold  : . . .   Warding    : .   B - +2 elf robe
Life Prot.: . . .   Conserve   : .   (no shield)
Res.Poison: .       Res.Corr.  : .   b - +0 wizard hat
Res.Elec. : .       Clarity    : .   e - +0 cloak
Sust.Abil.: . .     Spirit.Shd : .   p - +0 pair of gauntlets
Res.Mut.  : .       Stasis     : .   (no boots)
Res.Rott. : .       Flight     : .   (no amulet)
Saprovore : . . .                    (no ring)
                                     (no ring)

@: regenerating quickly, somewhat resistant to hostile enchantments, stealthy
A: bottle blood, fangs 3, see invisible, unbreathing
a: Bottle Blood, Renounce Religion


You were on level 7 of the Dungeon.
You worshipped Vehumet.
Vehumet was pleased with you.
You were very full.

You visited 2 branches of the dungeon, and saw 8 of its levels.

You collected 304 gold pieces.
You spent 201 gold pieces at shops.

Inventory:

Hand weapons
 y - a cursed +0,+0 dagger of freezing (weapon)
Armour
 b - a +0 wizard hat (worn)
 e - a +0 cloak (worn)
 p - a +0 pair of gauntlets (worn)
 B - a +2 elven robe (worn)
Magical devices
 a - a wand of flame (14)
 d - a wand of flame (11)
 q - a wand of fireball (2)
 s - a wand of random effects (12)
Scrolls
 g - a scroll of magic mapping
 h - 9 scrolls of remove curse
 i - 4 scrolls of identify
 j - a scroll of enchant weapon II
 v - a scroll of recharging
 z - a scroll of immolation {unknown}
 A - a scroll of enchant weapon I {unknown}
Jewellery
 D - an uncursed amulet of faith {unknown}
Potions
 m - a potion of magic
 r - a potion of restore abilities
 u - a potion of flight
 w - 3 potions of blood
 C - 3 potions of curing
 F - a potion of mutation
Books
 c - a book of Minor Magic

   Spells                             Type                      Level
   *Magic Dart                        Conjuration                  1
   Blink                              Translocation                2
   Call Imp                           Summoning                    2
   Repel Missiles                     Charms/Air                   2
   Slow                               Hexes                        2
   *Conjure Flame                     Conjuration/Fire             3
   *Mephitic Cloud                    Conjuration/Poison/Air       3
Rods
 l - a +2 rod of venom (11/11)
   (You found it on level 5 of the Dungeon)


   Skills:
 - Level 2.1 Dodging
 - Level 3.0 Stealth
 - Level 3.0 Spellcasting
 * Level 7.4 Conjurations
   Level 1.0 Summonings
   Level 0.7 Translocations
 - Level 2.0 Evocations


You had 6 spell levels left.
You knew the following spells:

 Your Spells              Type           Power        Failure   Level  Hunger
a - Magic Dart            Conj           ####         1%          1    None
d - Mephitic Cloud        Conj/Pois/Air  ##......     14%         3    ###....
s - Conjure Flame         Conj/Fire      ###.....     12%         3    ###....


Dungeon Overview and Level Annotations

Branches:
Dungeon (7/27)             Temple (1/1) D:6
    Orc: D:6-11

Altars:
Cheibriados
Elyvilon
Fedhas
Kikubaaqudgha
Makhleb
Nemelex Xobeh
Okawaru
Trog
Vehumet
Xom
Yredelemnul
Zin
the Shining One

Shops:
D:5 *   D:6 !


Innate Abilities, Weirdness & Mutations

Your natural rate of healing is unusually fast.
You can bottle blood from corpses.
You have razor-sharp teeth.*
You have supernaturally acute eyesight.
You can survive without breathing.*


Message History

There is a fountain of clear blue water here.
A rat comes into view.
The orc hits you with an orcish club.
* * * LOW HITPOINT WARNING * * *
The orc zaps a wand.
You resist. The orc hits you but does no damage.
Read which item? (? for menu, Esc to quit)
As you read the scroll labeled LOPODAL ERPHIU, it crumbles to dust.
You assume a fearsome visage.
The orc looks frightened!
The orc wizard struggles to resist.
The orc looks frightened!
The orc looks frightened!
The rat looks frightened!
The mummy is unaffected.
It was a scroll of fear.
The orc cries, "Help!"
Read which item? (? for menu, Esc to quit)
As you read the scroll labeled CRINLU WEVVILO, it crumbles to dust.
Your uncursed dagger of freezing glows black for a moment.
It was a scroll of curse weapon.
The orc wizard gestures at you while chanting.
The puff of flame hits you!
One of your 5 scrolls of identify catches fire!
You die...

#...........#
#.....⌠.....#
#..<.....<..#
#..o.o⌠oM.$.#
#...........#
#..⌠o..⌠..##
##.......##
###o#....#
#@#...##
#.h.......
#(.......
#........
#........
##......
#####


You could see a warg, a mummy, an orc wizard (invisible) and 4 orcs.

Vanquished Creatures
  A necrophage (D:6)
  2 ogres
  2 phantoms
  A centaur (D:6)
  A giant frog (D:5)
  2 crimson imps
  A jelly (D:4)
  A hound (D:4)
  2 orc priests (D:4)
  Crazy Yiuf (D:2)
  2 iguanas (D:6)
  A centaur skeleton (D:6)
  4 worker ants
  An orc wizard (D:4)
  A scorpion (D:4)
  Ijyb (D:4)
  4 adders
  4 worms
  A giant eyeball (D:4)
  4 giant geckos
  2 oozes
  10 orcs
  2 ball pythons
  2 giant cockroaches (D:1)
  11 hobgoblins
  15 jackals
  15 kobolds
  2 quokkas (D:4)
  11 bats
  A giant gecko zombie (D:5)
  4 giant newts
  A giant spore (D:6)
  19 goblins
  12 rats
144 creatures vanquished.

Notes
Turn   | Place    | Note
--------------------------------------------------------------
     0 | D:1      | PolkaDot, the Vampire Wizard, began the quest for the Orb.
     0 | D:1      | Reached XP level 1. HP: 11/11 MP: 6/6
   140 | D:1      | Reached skill level 1 in Conjurations
   399 | D:1      | Reached XP level 2. HP: 17/17 MP: 1/8
   874 | D:1      | Reached XP level 3. HP: 22/22 MP: 7/10
  1028 | D:1      | Learned a level 3 spell: Conjure Flame
  1032 | D:1      | Learned a level 3 spell: Mephitic Cloud
  2006 | D:2      | Noticed Crazy Yiuf
  2016 | D:2      | HP: 1/22 [Crazy Yiuf/wand of flame (6)]
  2021 | D:2      | Killed Crazy Yiuf
  2021 | D:2      | Reached XP level 4. HP: 2/28 MP: 7/12
  2242 | D:3      | Found a sparkling altar of Nemelex Xobeh.
  2242 | D:3      | Found a shimmering altar of Xom.
  2611 | D:3      | Reached XP level 5. HP: 33/33 MP: 10/13
  3137 | D:4      | Noticed a phantom
  3247 | D:4      | Killed a phantom
  3247 | D:4      | Reached skill level 4 in Conjurations
  3321 | D:4      | Reached XP level 6. HP: 33/39 MP: 15/15
  3372 | D:4      | Noticed an ogre
  3384 | D:4      | Killed an ogre
  3384 | D:4      | Reached skill level 5 in Conjurations
  3413 | D:4      | Found a white marble altar of Elyvilon.
  3608 | D:4      | Noticed Ijyb
  3639 | D:4      | Killed Ijyb
  3886 | D:4      | Reached XP level 7. HP: 20/44 MP: 9/17
  4103 | D:5      | Entered Level 5 of the Dungeon
  4135 | D:5      | Reached skill level 6 in Conjurations
  4148 | D:5      | Identified a +2 rod of venom (11/11) (You found it on level 5 of the Dungeon)
  4270 | D:5      | Found an ancient bone altar of Kikubaaqudgha.
  4327 | D:5      | Found an iron altar of Okawaru.
  4593 | D:5      | Found Ghutat's General Store.
  4612 | D:5      | Reached skill level 1 in Evocations
  4643 | D:5      | Bought a +1 elven robe for 78 gold pieces
  4643 | D:5      | Bought a scroll of remove curse for 39 gold pieces
  5152 | D:6      | Found a staircase to the Ecumenical Temple.
  5161 | Temple   | Entered the Ecumenical Temple
  5438 | Temple   | Became a worshipper of Vehumet
  5722 | D:6      | Reached XP level 8. HP: 22/50 MP: 1/18
  5808 | D:6      | Reached skill level 7 in Conjurations
  5979 | D:6      | Found a burning altar of Makhleb.
  5985 | D:6      | Found a glowing silver altar of Zin.
  5985 | D:6      | Noticed a cacodemon
  5991 | D:6      | Noticed an angel
  6080 | D:6      | Found Sakkur's Distillery.
  6088 | D:6      | Bought a potion of paralysis for 14 gold pieces
  6088 | D:6      | Bought a potion of strong poison for 28 gold pieces
  6088 | D:6      | Bought a potion of mutation for 42 gold pieces
  6297 | D:6      | Found an ancient bone altar of Kikubaaqudgha.
  6439 | D:7      | Killed from afar by an orc wizard

Action                   |  1- 3 |  4- 6 |  7- 9 || total
-------------------------+-------+-------+-------++-------
Melee: Unarmed           |    14 |       |       ||    14
       Dagger            |    22 |       |    85 ||   107
       Quarterstaff      |       |    95 |    13 ||   108
 Cast: Magic Dart        |    94 |    94 |   107 ||   295
       Conjure Flame     |     2 |     5 |     6 ||    13
       Mephitic Cloud    |     1 |     1 |     5 ||     7
 Abil: Bottle Blood      |       |     2 |    16 ||    18
Evoke: Wand              |       |     4 |       ||     4
  Use: Potion            |     4 |     1 |    18 ||    23
       Scroll            |       |     3 |     8 ||    11
 Stab: Sleeping          |     1 |    10 |     1 ||    12
       Paralysed         |       |     3 |       ||     3
       Confused          |       |     2 |       ||     2
